 Dungeon Crawl Stone Soup version 0.28-a0-938-gbc3f381ebc (webtiles) character file.

Game seed: 7189489817968275812

1 ytrimaz the Sneak (level 1, -2/18 HPs)
             Began as a Demonspawn Delver on Nov 29, 2021.
             Slain by a hound (4 damage)
             ... on level 4 of the Dungeon.
             The game lasted 00:00:30 (70 turns).

ytrimaz the Sneak (Demonspawn Delver)                 Turns: 70, Time: 00:00:30

Health: -2/18      AC:  3    Str: 12    XL:     1   Next: 16%
Magic:  1/1        EV: 11    Int: 11    God:
Gold:   0          SH:  0    Dex: 14    Spells: 0/0 levels left

rFire   . . .      SeeInvis .   a - +0 hand axe
rCold   . . .      Faith    .   (no shield)
rNeg    . . .      Spirit   .   b - +0 leather armour
rPois   .          Reflect  .   (no helmet)
rElec   .          Harm     .   (no cloak)
rCorr   .          Rampage  .   (no gloves)
Will    .....                   (no boots)
Stlth   ++........              (no amulet)
HPRegen 0.06/turn               (no ring)
MPRegen 0.07/turn               (no ring)

@: no status effects
A: no striking features
a: no special abilities


You were on level 4 of the Dungeon.
You visited 1 branch of the dungeon, and saw 2 of its levels.

Inventory:

Hand Weapons
 a - a +0 hand axe (weapon)
Armour
 b - a +0 leather armour (worn)
Wands
 g - a wand of digging (3)
Scrolls
 c - a scroll of fog
 d - a scroll of magic mapping
 e - a scroll of fear
Potions
 f - a potion of haste


   Skills:
 + Level 3.0 Fighting
 + Level 1.7 Axes
 * Level 1.7 Dodging
 + Level 4.5 Stealth


You couldn't memorise any spells.
You didn't know any spells.
Your spell library was empty.

Dungeon Overview and Level Annotations

Branches:
Dungeon (5/15)
 Temple: D:4-7

Altars:


Message History

You hit the endoplasm.
You kill the endoplasm!
A hound comes into view.
Found 11 gold pieces.
Found 6 gold pieces.
Found a stone staircase leading up.
The hound barks!
You hit the hound.
The hound is lightly wounded.
The hound closely misses you. The hound misses you.
You hit the hound but do no damage.
The hound is lightly wounded.
The hound bites you but does no damage. The hound bites you.
You hit the hound.
The hound is moderately wounded.
The hound barely misses you.
You completely miss the hound.
The hound is moderately wounded.
The hound misses you. The hound bites you.
You hit the hound but do no damage.
The hound is moderately wounded.
The hound bites you but does no damage. The hound bites you.
You hit the hound.
The hound is moderately wounded.
The hound closely misses you. x2
You barely miss the hound.
The hound is moderately wounded.
The hound bites you.
* * * LOW HITPOINT WARNING * * *
The hound barely misses you.
You barely miss the hound.
The hound is moderately wounded.
The hound closely misses you.
You hit the hound but do no damage.
The hound is moderately wounded.
The hound bites you but does no damage. The hound bites you.
* * * LOW HITPOINT WARNING * * *
You hit the hound but do no damage.
The hound is moderately wounded.
The hound closely misses you. The hound bites you.
You die...

..............
.............
............ ...
......$.... ....
#.....).... .....
#.........$
.......##..h.......
#......#...@.......
..........#.....<..
.......#.##..######
...............##
......8.8.8........
#..................
#..#.......##.....
#..........## ....#
##.........# #....


You could see a hound.

Vanquished Creatures
  An endoplasm (D:4)
1 creature vanquished.

Notes
Turn   | Place    | Note
-------+----------+-------------------------------------------
     0 | D:5      | ytrimaz the Demonspawn Delver began the quest for the Orb.
     0 | D:5      | Reached XP level 1. HP: 18/18 MP: 1/1
    40 | D:5      | Noticed an iguana
    57 | D:4      | Noticed a hound
    70 | D:4      | Slain by a hound

Illustrated notes

Levels and vault maps discovered:
D:4:      layout_cave_pools, serial_column_ruins, column_ruins_square_medium,
          column_ruins_square_small, column_ruins_corridor_straight,
          column_ruins_columns_corner, column_ruins_columns_straight,
          column_ruins_corridor_corner, column_ruins_columns_T,
          minmay_fractal_squares_diagonal_5, uniq_ijyb
D:5:      layout_loops_corners, trog_three_pillars_becter,
          mainiacjoe_overflow_alcove_1, ebering_ghost_rock_garden

Action                   || total
-------------------------++-------
Melee: Hand axe          ||    12
 Stab: Sleeping          ||     1
Armor: Leather armour    ||     3
Dodge: Dodged            ||    10

Table legend: (Time is in decaauts)
 A = Elapsed time spent in this place.
 B = Non-inter-level travel time spent in this place.
 C = Inter-level travel time spent in this place.
 D = Time resting spent in this place.
 E = Time spent auto-exploring this place.
 F = Levels seen in this place.
 G = Mean time per level.
                   A        B        C        D        E       F      G
               +--------+--------+--------+--------+--------+-----+--------+
         Total |     72 |     72 |      0 |      0 |     34 |   2 |   36.0 |
       Dungeon |     72 |     72 |      0 |      0 |     34 |   2 |   36.0 |
               +--------+--------+--------+--------+--------+-----+--------+

Top non-repeatable levels by time:
     D:5: 51 daAuts
     D:4: 21 daAuts
